 Dungeon Crawl Stone Soup version 0.20.1-1-g8b1a95d (webtiles) character file.

32195 Teleutos the Basher (level 13, -18/116 HPs)
             Began as a Minotaur Fighter on July 30, 2017.
             Demolished by an ettin simulacrum (24 damage)
             ... in an ice cave.
             The game lasted 02:24:19 (15837 turns).

Teleutos the Basher (Minotaur Fighter)             Turns: 15837, Time: 02:24:20

Health: -18/116    AC: 25    Str: 24    XL:     13   Next: 30%
Magic:  12/12      EV: 11    Int:  7    God:
Gold:   926        SH: 15    Dex: 12    Spells: 7/12 levels left

rFire    + . .     SeeInvis .   J - +2 mace (vamp)
rCold    + . .     Gourm    .   O - +2 shield
rNeg     . . .     Faith    .   Y - +1 shadow dragon scales
rPois    +         Spirit   .   (helmet unavailable)
rElec    +         Reflect  .   A - +2 cloak
rCorr    +         Harm     .   j - +0 pair of gloves
MR       .....                  G - +0 pair of boots
Stlth    +++.......             (no amulet)
Regen    0.3/turn               t - +2 ring of strength
MPRegen  0.2/turn               u - +2 ring of protection

@: resistant
A: retaliatory headbutt, horns 3, blink
a: Blink


You were in an ice cave.
You were not hungry.

You visited 4 branches of the dungeon, and saw 16 of its levels.
You also visited: Ice Cave.

You collected 926 gold pieces.

Inventory:

Hand Weapons
 h - a +6 falchion of freezing
 p - a +1 hunting sling of freezing
 F - a +0 shortbow of flaming
 J - a +2 vampiric mace (weapon)
 R - a +0 hand crossbow of velocity
 W - a +0 vampiric short sword
Missiles
 e - 16 poisoned needles
 g - 10 javelins (quivered)
 i - 25 tomahawks
 k - 106 bolts
 n - 7 needles of confusion
 r - 4 silver javelins
 v - 6 exploding tomahawks
 z - 96 sling bullets
 D - 143 arrows
Armour
 j - a +0 pair of gloves (worn)
 A - a +2 cloak (worn)
 G - a +0 pair of boots (worn)
 O - a +2 shield (worn)
 Y - +1 shadow dragon scales (worn)
Magical Staves
 d - an uncursed staff of air {unknown}
Jewellery
 b - a +2 ring of protection
 o - a +3 ring of evasion
 t - a +2 ring of strength (left hand)
 u - a +2 ring of protection (right hand)
 I - an uncursed ring of protection from magic
 K - an uncursed ring of fire {unknown}
 X - an uncursed ring of see invisible
Wands
 q - a wand of lightning (11/15)
 w - a wand of digging (12/24)
Scrolls
 m - 4 scrolls of magic mapping
 s - 4 scrolls of remove curse
 C - 2 scrolls of blinking
 H - 3 scrolls of recharging
 L - a scroll of fog
 N - 5 scrolls of amnesia
 Q - 2 scrolls of teleportation
 T - a scroll of brand weapon
Potions
 l - 2 potions of magic
 x - 2 potions of brilliance
 E - a potion of haste
 S - a potion of ambrosia
 U - a potion of cancellation
Books
 y - a book of Minor Magic

   Spells                             Type                      Level
   a - Magic Dart                     Conjuration                  1
   b - Blink                          Translocation                2
   c - Call Imp                       Summoning                    2
   d - Slow                           Hexes                        2
   e - Conjure Flame                  Conjuration/Fire             3
   f - Mephitic Cloud                 Conjuration/Poison/Air       3
 V - the Almanac of Earthen Snow
   (You found it on level 8 of the Dungeon)

   Spells                             Type                      Level
   a - Sandblast                      Earth                        1
   b - Freeze                         Ice                          1
   c - Passwall                       Transmutation/Earth          2
   d - Bolt of Magma                  Conjuration/Fire/Earth       5
   e - Metabolic Englaciation         Hexes/Ice                    5
   f - Iron Shot                      Conjuration/Earth            6
Miscellaneous
 c - a sack of spiders
Comestibles
 f - 9 bread rations
 M - 3 meat rations


   Skills:
 + Level 11.3 Fighting
   Level 6.2(11.0) Axes
 + Level 13.8(14.2) Maces & Flails
 + Level 12.5 Armour
 + Level 6.1 Dodging
 + Level 3.6 Stealth
 + Level 13.5 Shields


You had 7 spell levels left.
You knew the following spells:

 Your Spells              Type           Power        Failure   Level  Hunger
a - Passwall              Tmut/Erth      #.........   99%         2    ###....
b - Call Imp              Summ           #.......     99%         2    ###....
c - Magic Dart            Conj           #...         95%         1    ##.....


Dungeon Overview and Level Annotations

Branches:
Dungeon (11/15)            Temple (1/1) D:4            Lair (2/6) D:11
 Shoals (2/4) Lair:2
  Snake: Lair:2-4    Spider: Lair:2-4       Orc: D:9-12

Altars:
Ashenzari
Cheibriados
Dithmenos
Elyvilon
Fedhas
Gozag
Hepliaklqana
Kikubaaqudgha
Makhleb
Nemelex Xobeh
Okawaru
Qazlal
Ru
Sif Muna
Trog
Uskayaw
Vehumet
Xom
Yredelemnul
Zin
The Shining One


Innate Abilities, Weirdness & Mutations

You reflexively headbutt those who attack you in melee.
You have a pair of large horns on your head.
You can translocate small distances at will.


Message History

You closely miss the anaconda simulacrum.
Your headbutt misses the anaconda simulacrum.
The anaconda simulacrum is almost destroyed.
The anaconda simulacrum constricts you. The anaconda simulacrum freezes you!
The anaconda simulacrum bites you but does no damage.
You hit the anaconda simulacrum.
The anaconda simulacrum vapourises!
You thump the ettin simulacrum! You headbutt the ettin simulacrum!
The ettin simulacrum is heavily damaged.
You thump the ettin simulacrum! You headbutt the ettin simulacrum!
The ettin simulacrum is almost destroyed.
The ettin simulacrum hits you! The ettin simulacrum freezes you!
* * * LOW HITPOINT WARNING * * *
The ettin simulacrum hits you.
* * * LOW HITPOINT WARNING * * *
The ettin simulacrum freezes you!
* * * LOW HITPOINT WARNING * * *
You feel protected. The ettin simulacrum hits you!!
You die...

#..##.#
#..#.##§.§
##.#####
##.##.##.§
#...#.#
#.#.# ###
#.##.####
#...###
#.#####.##
##..#.#
#..###...#
##...##
##.##5...#
##...#
#..#Z#
###.##
##.@.#
##.# #..##
#.. ##.#
##. ### ##
#


You could see a white imp and an ettin simulacrum.

Vanquished Creatures
  Erolcha (D:10)
  4 two-headed ogres
  A sea snake (Shoals:1)
  An unseen horror (D:10)
  An oklob plant (Lair:1)
  10 fauns
  A cyclops (Shoals:1)
  A water nymph (Shoals:1)
  5 manticores
  9 merfolk sirens
  2 spiny frogs (Lair:2)
  2 komodo dragons
  3 anaconda simulacra (IceCv)
  5 ice devils (IceCv)
  8 merfolk (Shoals:1)
  3 trolls
  A hornet (D:10)
  A wolf spider simulacrum (IceCv)
  11 hippogriffs
  2 dream sheep (Shoals:1)
  3 water elementals
  A spriggan (D:10)
  11 yaks
  The ghost of Epsynus the Skirmisher, an amateur MiAK of Lugonu (D:9)
  A wyvern (D:11)
  A basilisk (Lair:2)
  A hungry ghost (D:10)
  A harpy simulacrum (IceCv)
  An iron troll simulacrum (IceCv)
  7 water moccasins
  9 porcupines
  2 orc warriors (D:11)
  5 ice beasts
  3 ogres
  2 black bears (D:11)
  A necrophage (D:10)
  2 sky beasts
  2 phantoms
  5 centaurs
  4 crocodiles (Lair:2)
  A big kobold (D:10)
  A wyvern zombie (D:7)
  10 bullfrogs
  4 scorpions
  14 killer bees
  A howler monkey (D:5)
  10 wights
  2 crimson imps (D:11)
  A draconian simulacrum (IceCv)
  A bullfrog zombie (D:6)
  A quasit (D:7)
  A centaur zombie (D:11)
  Crazy Yiuf (D:4)
  An orc priest (D:4)
  3 hounds
  2 jellies
  3 centaur skeletons
  11 orc wizards
  Jessica (D:2)
  6 hell rats (Lair:1)
  5 iguanas
  2 worker ants
  A polar bear simulacrum (IceCv)
  2 troll simulacra (IceCv)
  2 wolf simulacra (IceCv)
  2 hound zombies
  A hound skeleton (D:11)
  A worker ant zombie (D:10)
  4 gnolls (D:2)
  10 adders
  An ogre simulacrum (IceCv)
  5 white imps (IceCv)
  5 ufetubi (IceCv)
  An ooze (D:1)
  2 adder zombies (D:5)
  3 worms
  5 dart slugs
  6 leopard geckos
  22 orcs
  7 bats
  6 giant cockroaches
  4 goblins
  6 hobgoblins
  9 jackals
  6 quokkas
  A ball python (D:2)
  8 frilled lizards
  13 kobolds
  3 rats
  2 fungi (D:11)
  4 plants
359 creatures vanquished.

Vanquished Creatures (others)
  A kobold (D:10)
  5 fungi
  3 plants
9 creatures vanquished.

Grand Total: 368 creatures vanquished

Notes
Turn   | Place    | Note
-------+----------+-------------------------------------------
     0 | D:1      | Teleutos the Minotaur Fighter began the quest for the Orb.
     0 | D:1      | Reached XP level 1. HP: 19/19 MP: 0/0
   155 | D:1      | Reached XP level 2. HP: 23/27 MP: 1/1
   481 | D:1      | Reached XP level 3. HP: 33/33 MP: 2/2
   866 | D:2      | Reached XP level 4. HP: 31/40 MP: 3/3
  1209 | D:2      | Noticed Jessica
  1217 | D:2      | Killed Jessica
  1857 | D:2      | Reached XP level 5. HP: 47/47 MP: 4/4
  1873 | D:2      | Reached skill level 1 in Dodging
  2001 | D:2      | You fall through a shaft!
  2793 | D:4      | Noticed a centaur
  2796 | D:4      | Reached skill level 5 in Armour
  2803 | D:4      | Reached XP level 6. HP: 45/53 MP: 5/5
  2810 | D:4      | Reached skill level 5 in Axes
  3086 | D:4      | Reached skill level 5 in Fighting
  3194 | D:4      | Found a staircase to the Ecumenical Temple.
  3203 | Temple   | Entered the Ecumenical Temple
  3700 | D:4      | Found a runed door.
  3704 | D:4      | Noticed Crazy Yiuf
  3711 | D:4      | Killed Crazy Yiuf
  3711 | D:4      | Reached skill level 5 in Shields
  3711 | D:4      | Reached XP level 7. HP: 54/61 MP: 6/6
  3896 | D:5      | Entered Level 5 of the Dungeon
  4017 | D:5      | Reached skill level 1 in Maces & Flails
  4978 | D:6      | Reached XP level 8. HP: 67/70 MP: 7/7
  5860 | D:6      | Paralysed by fainting for 6 turns
  5878 | D:6      | Paralysed by fainting for 6 turns
  5897 | D:6      | Paralysed by fainting for 6 turns
  6481 | D:7      | Reached skill level 5 in Maces & Flails
  7069 | D:7      | Reached XP level 9. HP: 77/78 MP: 8/8
  7161 | D:8      | Noticed a two-headed ogre
  7210 | D:8      | Killed a two-headed ogre
  7210 | D:8      | Reached skill level 1 in Stealth
  7639 | D:8      | Gained mutation: Your flesh is heat resistant. (rF+) [potion of mutation]
  7639 | D:8      | Gained mutation: You have a pair of large horns on your head. [potion of mutation]
  7639 | D:8      | Lost mutation: Your flesh is heat resistant. (rF+) [potion of mutation]
  7639 | D:8      | Gained mutation: You can translocate small distances at will. [potion of mutation]
  7868 | D:8      | Noticed a two-headed ogre
  7886 | D:8      | Killed a two-headed ogre
  7886 | D:8      | Reached XP level 10. HP: 81/86 MP: 9/9
  7928 | D:8      | Identified the Almanac of Earthen Snow
  7933 | D:8      | Learned a level 2 spell: Passwall
  8042 | D:8      | You fall through a shaft for 2 floors!
  8042 | D:10     | Entered Level 10 of the Dungeon
  8072 | D:10     | Noticed Erolcha
  8123 | D:9      | Noticed Epsynus's ghost (amateur MiAK)
  8134 | D:9      | Killed Epsynus's ghost
  8318 | D:9      | Learned a level 2 spell: Call Imp
  8320 | D:9      | Learned a level 1 spell: Magic Dart
  8808 | D:9      | Noticed a two-headed ogre
  8823 | D:9      | Killed a two-headed ogre
  8901 | D:10     | Killed Erolcha
  8901 | D:10     | Reached skill level 10 in Maces & Flails
  8901 | D:10     | Reached skill level 10 in Armour
  9058 | D:10     | Killed an unseen horror
  9058 | D:10     | Reached skill level 10 in Shields
  9352 | D:10     | Reached XP level 11. HP: 94/94 MP: 10/10
  9972 | D:11     | Noticed a two-headed ogre
  9985 | D:11     | Killed a two-headed ogre
 10517 | D:11     | Found a staircase to the Lair.
 10720 | Lair:1   | Entered Level 1 of the Lair of Beasts
 10761 | Lair:1   | Noticed an oklob plant
 10789 | Lair:1   | Killed an oklob plant
 10789 | Lair:1   | Reached skill level 5 in Dodging
 11850 | Lair:2   | Found a staircase to the Shoals.
 11957 | Lair:2   | Reached XP level 12. HP: 95/106 MP: 11/11
 12590 | Shoals:1 | Entered Level 1 of the Shoals
 12597 | Shoals:1 | Reached skill level 10 in Fighting
 14838 | Shoals:2 | Found a frozen archway.
 14902 | Shoals:2 | Reached XP level 13. HP: 56/115 MP: 12/12
 15070 | Shoals:2 | Noticed a merfolk impaler
 15075 | IceCv    | Entered an ice cave
 15836 | IceCv    | HP: 5/116 [ettin simulacrum (13)]
 15837 | IceCv    | Demolished by an ettin simulacrum

Skill      XL: |  1  2  3  4  5  6  7  8  9 10 11 12 13 |
---------------+----------------------------------------+-----
Armour         | 4 5 7 8 10 11 12 | 12.5
Shields        | 4 5 7 8 10 11 13 | 13.5
Fighting       | 4 5 6 7 8 9 10 11 | 11.3
Axes           | 3 4 5 6 |  6.2
Dodging        | 1 2 3 4 5 6 |  6.1
Maces & Flails | 3 6 8 10 12 13 | 13.8
Stealth        | 1 2 3 |  3.6

Action                   |  1- 3 |  4- 6 |  7- 9 | 10-12 | 13-15 || total
-------------------------+-------+-------+-------+-------+-------++-------
Melee: War axe           |    69 |   153 |       |       |       ||   222
       Headbutt          |     8 |    25 |    72 |   227 |    50 ||   382
       Mace              |       |       |   350 |   989 |   204 ||  1543
Evoke: Wand              |       |       |       |     3 |       ||     3
  Use: Scroll            |       |     9 |    10 |    20 |       ||    39
       Potion            |       |     1 |     7 |    11 |     2 ||    21
 Stab: Sleeping          |       |       |     2 |    13 |       ||    15
       Distracted        |       |       |       |     1 |     1 ||     2
  Eat: Chunk             |       |     7 |     1 |     1 |       ||     9
       Royal jelly       |       |     1 |     1 |     6 |       ||     8
       Fruit             |       |       |     8 |     3 |       ||    11
       Meat ration       |       |       |     1 |     3 |     1 ||     5
Armor: Scale mail        |    25 |    76 |    87 |       |       ||   188
       Shadow dragon sca |       |       |   171 |   387 |    89 ||   647
Dodge: Dodged            |    21 |    53 |   123 |   224 |    50 ||   471
Block: Shield            |    30 |    85 |   250 |   534 |   133 ||  1032
